Map: 亚历山大港 - 天梯版

Players

EnDerr

  • Race: Zerg Zerg
  • League: Diamond

iGMacSed (MacSed) - Winner!

  • Race: Protoss Protoss

Event: WESG 2018 Grand Finals

VOD

Have the link to the VOD?

Description

Time

  • Played on: March 12, 2019, 4:53 a.m.
  • Length: 8:17

All games in this series

Show
View Real Time Build Order
Export as new Build Order

EnDerr Zerg 

Build Orders: Hatch First 

Get SALT Encoding   

  12  0:00  Drone  
  13  0:13  Overlord  
  13  0:18  Drone  
  14  0:32  Drone x2  
  16  0:50  Hatchery  
  16  0:53  Drone  
  16  0:56  Drone  
  17  1:00  Drone  
  18  1:10  Extractor  
  17  1:16  Spawning Pool  
  16  1:19  Drone  
  16  1:22  Drone  
  18  1:30  Drone  
  19  1:41  Drone  
  20  1:55  Drone  
  21  2:02  Queen  
  21  2:03  Queen, Zergling x2  
  21  2:04  Zergling x2  
  27  2:15  Overlord  
  27  2:19  Drone  
  28  2:33  Drone x2  
  28  2:34  Drone x2  
  32  2:47  Hatchery  
  31  3:00  Queen  
  31  3:01  Overlord  
  33  3:12  Drone x2  
  35  3:14  Drone  
  35  3:15  Spore Crawler  
  35  3:18  Drone  
  34  3:21  Drone x2  
  34  3:22  Drone  
  37  3:31  Lair  
  38  3:35  Drone x4  
  38  3:40  Roach Warren  
  41  3:48  Overlord x2, Extractor  
  40  3:50  Extractor  
  39  4:03  Drone x2  
  39  4:07  Drone x3  
  39  4:08  Drone x3  
  47  4:10  Overlord  
  47  4:18  Overlord  
  47  4:19  Overlord x2  
  47  4:23  Roach x2  
  51  4:28  Overseer, Glial Reconstitution  
  51  4:32  Roach  
  51  4:33  Roach  
  51  4:36  Roach  
  57  4:43  Roach x2  
  61  4:53  Drone  
  61  4:54  Drone x7  
  61  4:59  Overlord  
  69  5:01  Roach  
  69  5:02  Roach  
  69  5:06  Ravager x2  
  75  5:07  Ravager  
  76  5:16  Roach x3  
  80  5:29  Drone x2  
  80  5:31  Overlord x3  
  80  5:33  Roach x3  
  88  5:36  Roach x2  
  88  5:40  Roach x2  
  96  5:44  Overlord  
  96  5:50  Roach  
  96  5:51  Roach x2  
  96  5:52  Roach  
  96  5:55  Roach  
  106  5:59  Roach  
  108  6:04  Roach x2  
  108  6:08  Roach  
  114  6:13  Drone x3, Extractor  
  114  6:14  Roach  
  114  6:16  Roach  
  114  6:18  Overlord x2  
  120  6:19  Roach  
  120  6:20  Roach  
  124  6:27  Roach  
  126  6:36  Roach x2  
  126  6:37  Roach  
  126  6:39  Roach  
  128  6:40  Roach  
  128  6:41  Roach  
  128  6:43  Roach  
  116  6:47  Roach  
  116  6:53  Roach  
  116  6:54  Roach x2  
  105  6:56  Roach  
  101  7:07  Evolution Chamber, Drone x7  
  105  7:14  Drone x2  
  107  7:21  Roach x3  
  113  7:27  Ravager x2  
  117  7:30  Roach  
  117  7:34  Roach x5  
  117  7:37  Overlord x2  
  127  7:39  Roach  
  127  7:40  Hatchery  
  128  7:44  Extractor  
  128  7:45  Roach  
  128  7:51  Roach  
  117  7:53  Roach  
  117  7:57  Roach x2  
  117  7:58  Roach  
Show
View Real Time Build Order
Export as new Build Order

iGMacSed Protoss - Winner!

Build Orders: 1 Gate Expand, Archon Immortal, Archon Drop 

Get SALT Encoding   

  12  0:00  Probe  
  13  0:12  Probe  
  14  0:18  Pylon  
  14  0:24  Probe  
  15  0:33  Probe  
  15  0:39  Gateway  
  15  0:41  Probe  
  16  0:47  Assimilator  
  17  0:51  Probe  
  18  1:03  Probe  
  19  1:15  Probe  
  20  1:25  Nexus  
  20  1:35  Cybernetics Core  
  20  1:37  Probe  
  21  1:42  Assimilator  
  21  1:49  Probe  
  21  1:53  Pylon  
  22  2:01  Probe  
  22  2:03  Adept  
  23  2:13  Probe  
  26  2:18  Robotics Facility  
  26  2:20  Warp Gate  
  26  2:23  Stalker  
  26  2:25  Probe  
  27  2:33  Probe  
  29  2:38  Probe  
  29  2:42  Probe  
  31  2:50  Probe  
  33  2:52  Probe  
  33  2:53  Sentry  
  36  3:00  Warp Prism  
  36  3:03  Probe  
  36  3:04  Probe  
  40  3:15  Probe  
  40  3:16  Probe  
  42  3:24  Sentry  
  44  3:27  Pylon, Probe  
  44  3:28  Probe  
  44  3:29  Pylon  
  46  3:35  Gateway  
  46  3:44  Assimilator  
  46  3:45  Probe x2  
  48  3:50  Assimilator  
  49  3:55  Observer  
  49  3:57  Probe x2  
  51  4:06  Twilight Council, Forge  
  51  4:09  Probe x2  
  53  4:16  Immortal  
  53  4:19  Pylon  
  53  4:21  Probe  
  58  4:24  Adept  
  58  4:26  Protoss Ground Weapons Level 1, Probe  
  58  4:30  Charge  
  61  4:34  Probe  
  61  4:38  Probe  
  63  4:45  Gateway  
  63  4:47  Gateway  
  63  4:50  Immortal  
  63  4:52  Pylon  
  67  5:00  Sentry  
  67  5:06  Pylon  
  69  5:10  Observer  
  69  5:12  Pylon  
  69  5:29  Immortal  
  69  5:30  Nexus  
  73  5:37  Pylon, Templar Archives  
  73  5:48  Pylon  
  73  5:51  Gateway  
  73  5:55  Gateway  
  73  6:03  Shield Battery  
  73  6:04  Immortal  
  73  6:05  Shield Battery  
  73  6:14  Shield Battery  
  73  6:15  Shield Battery  
  73  6:16  High Templar x2, Shield Battery  
  73  6:17  High Templar  
  83  6:19  High Templar  
  83  6:24  Archon x2  
  85  6:42  Immortal  
  81  6:47  Zealot  
  81  6:50  Zealot x4  
  88  7:03  Probe x2  
  88  7:08  High Templar  
  92  7:09  High Templar  
  92  7:13  Archon  
  92  7:14  Zealot x4  
  102  7:24  Gateway  
  102  7:26  Gateway  
  102  7:37  Zealot x3  
  102  7:38  Zealot  
  90  7:59  Zealot x6  
Tags
 
Add a new tag
Caveats
  • Supply blocks, unpowered buildings, or Contaminate may cause inaccurate times.
  • Supply counts are checked every 10 seconds.